 Dungeon Crawl Stone Soup version 0.29.1-1-gd02db6906a (webtiles) character file.

Game seed: 16564496004224647638

1751 EvilAshe the Ruffian (level 8, -1/67 HPs)
             Began as a Troll Hedge Wizard on Oct 2, 2022.
             Was an Initiate of Sif Muna.
             Slain by a killer bee (4 damage)
             ... on level 6 of the Dungeon.
             The game lasted 00:20:00 (6059 turns).

EvilAshe the Ruffian (Troll Hedge Wizard)           Turns: 6059, Time: 00:20:00

Health: -1/67      AC:  5    Str: 31    XL:     8   Next: 78%
Magic:  10/13      EV: 10    Int: 12    God:    Sif Muna [......]
Gold:   355        SH:  0    Dex:  9    Spells: 10/15 levels left

rFire   . . .      SeeInvis .     - Unarmed
rCold   . . .      Faith    .   (no shield)
rNeg    . . .      Spirit   .   b - +0 robe
rPois   .          Reflect  .   c - +0 hat
rElec   .          Harm     .   i - +0 cloak
rCorr   .          Rampage  .   (gloves unavailable)
Will    .....                   (boots unavailable)
Stlth   +.........              z - amulet of magic regeneration
HPRegen 1.01/turn               q - +6 ring of strength
MPRegen 0.53/turn               k - +6 ring of strength

@: very slightly contaminated, studying Dodging
A: large, unfitting armour, claws 3, regeneration 1, shaggy fur 1, tough skin 1
a: Renounce Religion


You were on level 6 of the Dungeon.
You worshipped Sif Muna.
Sif Muna was noncommittal.
You visited 1 branch of the dungeon, and saw 7 of its levels.
You also visited: Sewer.

You collected 355 gold pieces.

Inventory:

Missiles
 s - 41 stones
 A - 12 poisoned darts (quivered)
Armour
 b - a +0 robe (worn)
 c - a +0 hat (worn)
 i - a +0 cloak (worn)
Jewellery
 k - a +6 ring of strength (right claw)
 p - a ring of see invisible
 q - a +6 ring of strength (left claw)
 z - an amulet of magic regeneration (around neck)
 C - an amulet of the acrobat
Wands
 j - a wand of polymorph (10)
 t - a wand of charming (12)
 B - a wand of flame (13)
Scrolls
 a - 2 scrolls of noise {unknown}
 f - a scroll of amnesia {unknown}
 g - a scroll of acquirement {unknown}
 h - 2 scrolls of blinking
 m - 2 scrolls of identify
 n - 3 scrolls of enchant armour {unknown}
 v - a scroll of immolation {unknown}
 w - 2 scrolls of fear {unknown}
 y - a scroll of teleportation {unknown}
Potions
 d - 5 potions of magic
 l - 2 potions of lignification
 o - a potion of mutation
 r - 5 potions of brilliance
 u - 2 potions of might


   Skills:
 + Level 3.8 Dodging
 - Level 1.0 Stealth
 + Level 5.6 Unarmed Combat
 + Level 4.1 Spellcasting
 - Level 3.6 Conjurations
 + Level 3.1 Summonings
 + Level 2.1 Translocations


You had 10 spell levels left.
You knew the following spells:

 Your Spells              Type           Power      Damage    Failure   Level
a - Magic Dart            Conj           44%        1d5       4%          1
b - Call Imp              Summ           10%        N/A       9%          2
c - Blink                 Tloc           14%        N/A       14%         2

Your spell library contained the following spells:

 Spells                   Type           Power      Damage    Failure   Level
 Slow                     Hex            8%         N/A       22%         1
 Lesser Beckoning         Tloc           7%         N/A       26%         3
 Conjure Flame            Conj/Fire      6%         6-21      30%         3
 Dazzling Flash           Conj/Hex       12%        N/A       30%         3
 Ensorcelled Hibernation  Hex/Ice        4%         N/A       32%         2
 Passwall                 Tmut/Erth      1%         N/A       32%         2
 Mephitic Cloud           Conj/Pois/Air  5%         N/A       36%         3
 Ignite Poison            Fire/Tmut/Pois 2%         N/A       54%         3
 Swiftness                Air            2%         N/A       54%         3
 Sticky Flame             Conj/Fire      6%         2d3       71%         4
 Manifold Assault         Tloc           7%         N/A       94%         5
 Agony                    Necr           2%         N/A       99%         5
 Silence                  Hex/Air        1%         N/A       99%         5


Dungeon Overview and Level Annotations

Branches:
Dungeon (7/15)             Temple (0/1) D:6           Sewer (visited)

Altars:
Sif Muna
Zin
The Shining One

Shops:
D:6 *

Annotations:
D:2 Sigmund
D:3 1 runed translucent door, Crazy Yiuf
D:4 1 runed translucent door, Eustachio; MisterFreud's ghost, weakling GnDe
D:7 exclusion: hornet


Innate Abilities, Weirdness & Mutations

You are too large for most types of armour.
You have claws for hands.
Your natural rate of healing is unusually fast.
You are covered in fur. (AC +1)
You have tough skin. (AC +1)


Message History

The killer bee stings your white imp. What are your orders? t - Shout!
Orders for allies: a - Attack new target. r - Retreat! s - Stop attacking. g - Guard the area. f - Follow me.
Anything else - Cancel.
Gang up on whom?
Press: ? - help, Dir - move target, f - killer bee
Aim: a killer bee (ally target) Attack!
You feel sick.
The killer bee stings your white imp but does no damage.
Your white imp misses the killer bee.
The killer bee barely misses your white imp.
You feel sick. The killer bee misses your white imp.
Your white imp hits the killer bee.
Your white imp freezes the killer bee.
The killer bee stings your white imp.
You feel sick. The killer bee stings your white imp.
Your white imp hits the killer bee.
Your white imp freezes the killer bee.
The killer bee closely misses your white imp.
You feel sick.
You are no longer poisoned.
The killer bee stings your white imp.
Your white imp dies!
Your white imp disappears in a puff of smoke!
Casting: Call Imp (safe; 9% risk of failure)
Confirm with . or Enter, or press ? or * to list all spells.
You miscast Call Imp.
You are very lightly contaminated with residual magic.
Nothing appears to happen.
Casting: Call Imp (safe; 9% risk of failure)
Confirm with . or Enter, or press ? or * to list all spells.
A beastly little devil appears in a puff of flame.
The killer bee misses you. The killer bee stings you!
* * * LOW HITPOINT WARNING * * *
The killer bee stings you.
* * * LOW HITPOINT WARNING * * *
Your crimson imp closely misses the killer bee.
The killer bee stings you.
You die...

###......##..........#####.....##
.........##.)........##........#
....#.........)..........#...#.#
.....#..###....>.......#..#.#..#
#######.# #...)†.§§...##...∩...#
.....#..# ##...........#..#.#..##
....#...####....5...#....#...#...
.........##.....y..####.........#
#...........#...@.## ##.....##)8
##########.######## ###...##.8
#..# ##.....8 #..# ##....# #..#
###...... ##.# ####........ #.#
#........... #.# #.####'###.. #.#
#.#.⌠.⌠####.


You could see a killer bee (ally target) and a friendly crimson imp (summoned).

Vanquished Creatures
  Menkaure (D:5)
  A water moccasin (Sewer)
  An ogre (D:6)
  An ice beast (D:7)
  2 centaurs
  A phantom (D:4)
  2 bullfrogs
  3 scorpions
  A howler monkey (D:5)
  2 orc priests (D:4)
  2 hounds
  4 jellies
  2 iguanas
  Natasha (thrice) (D:3)
  4 orc wizards
  Robin (D:3)
  3 gnolls
  12 adders
  2 river rats (D:3)
  A shadow imp (D:6)
  An ufetubus (D:4)
  3 worms
  5 orcs
  6 bats
  7 endoplasms
  4 giant cockroaches (D:3)
  15 goblins
  7 hobgoblins
  3 jackals (D:2)
  3 quokkas
  2 ball pythons
  3 frilled lizards (D:1)
  5 kobolds
  7 rats
120 creatures vanquished.

Vanquished Creatures (collateral kills)
  A killer bee (D:6)
1 creature vanquished.

Grand Total: 121 creatures vanquished

Notes
Turn   | Place    | Note
-------+----------+-------------------------------------------
     0 | D:1      | EvilAshe the Troll Hedge Wizard began the quest for the
                  | Orb.
     0 | D:1      | Reached XP level 1. HP: 16/16 MP: 2/2
   201 | D:1      | Found a faded altar of an unknown god.
   415 | D:1      | Reached skill level 1 in Conjurations
   460 | D:1      | Reached XP level 2. HP: 24/24 MP: 4/4
   686 | D:1      | Reached skill level 1 in Unarmed Combat
   758 | D:2      | Noticed Sigmund
   851 | D:2      | Found a glowing golden altar of the Shining One.
   867 | D:2      | Reached XP level 3. HP: 15/31 MP: 3/5
  1330 | D:3      | Reached XP level 4. HP: 39/39 MP: 4/6
  1333 | D:3      | Identified the +0 helmet of the World {Str+4}
  1333 | D:3      | Noticed Robin
  1348 | D:2      | Reached skill level 2 in Unarmed Combat
  1448 | D:3      | Found a glowing drain.
  1459 | Sewer    | Entered a sewer
  1484 | Sewer    | Noticed a water moccasin
  1504 | Sewer    | Killed a water moccasin
  1505 | Sewer    | Reached skill level 3 in Unarmed Combat
  1505 | Sewer    | Reached XP level 5. HP: 24/45 MP: 3/8
  1888 | D:4      | Reached XP level 6. HP: 42/53 MP: 9/9
  1997 | D:3      | Found a runed translucent door.
  1998 | D:3      | Noticed Crazy Yiuf
  2149 | D:3      | Noticed Natasha
  2168 | D:3      | Killed Natasha
  2180 | D:3      | Learned a level 2 spell: Call Imp
  2268 | D:3      | Noticed Natasha
  2272 | D:3      | Killed Natasha
  2471 | D:3      | Noticed Natasha
  2477 | D:3      | Killed Natasha
  2696 | D:3      | Killed Robin
  2767 | D:3      | Found a runed translucent door.
  3001 | D:4      | Reached skill level 1 in Summonings
  3078 | D:4      | Reached skill level 4 in Unarmed Combat
  3078 | D:4      | Reached XP level 7. HP: 59/59 MP: 10/10
  3376 | D:4      | Found a runed translucent door.
  3379 | D:4      | Noticed Eustachio
  3447 | D:5      | Entered Level 5 of the Dungeon
  3741 | D:4      | Noticed MisterFreud's ghost (weakling GnDe)
  3936 | D:5      | Noticed a yak
  3948 | D:5      | Noticed a wyvern
  4215 | D:5      | Noticed Menkaure
  4251 | D:5      | Killed Menkaure
  4542 | D:5      | Learned a level 2 spell: Blink
  4792 | D:6      | Reached XP level 8. HP: 62/67 MP: 10/12
  4893 | D:6      | Reached skill level 1 in Translocations
  4894 | D:6      | Found a glowing silver altar of Zin.
  4894 | D:6      | Found a shimmering blue altar of Sif Muna.
  4902 | D:6      | Became a worshipper of Sif Muna the Loreminder
  4906 | D:6      | Found a staircase to the Ecumenical Temple.
  4916 | D:6      | Found Qeng's General Store.
  4981 | D:6      | Reached skill level 5 in Unarmed Combat
  5741 | D:7      | Noticed a hornet
  6059 | D:6      | HP: 3/67 [killer bee (5)]
  6059 | D:6      | Slain by a killer bee

Illustrated notes

Levels and vault maps discovered:
D:1:      tarquinn_simple_flora_water_f, layout_basic,
          hellmonk_ecumenical_altar_crossroads, chequers_serial_rivers_micro_b
D:2:      layout_rooms, basic_altar, minivault_19, uniq_sigmund
D:3:      layout_rooms, gup_sewer_entry_bubbles, uniq_robin,
          uniq_crazy_yiuf_cottage, uniq_natasha
D:4:      layout_loops_cross, ebering_ghost_reflecting_pool, uniq_eustachio
D:5:      layout_gridville, minmay_manual_monolith, uniq_menkaure
D:6:      layout_cave_pods, jmf_multi_god_temple, minmay_temple_entry_statues,
          serial_shops, nicolae_shop_advertising_works
          [nicolae_subvault_shop_adworks]
D:7:      layout_layer_cave, gammafunk_ghost_grave, uniq_prince_ribbit1

Skill      XL: |  1  2  3  4  5  6  7  8 |
---------------+-------------------------+-----
Conjurations   | 1 2 3 |  3.6
Unarmed Combat | 1 3 4 5 |  5.6
Spellcasting   | 3 4 |  4.1
Summonings     | 1 2 3 |  3.1
Dodging        | 3 |  3.8
Translocations | 2 |  2.1
Stealth        | |  1.0

Action                   |  1- 3 |  4- 6 |  7- 9 || total
-------------------------+-------+-------+-------++-------
Melee: Unarmed           |    97 |   171 |   161 ||   429
       Punch             |       |     2 |     7 ||     9
Throw: Dart              |       |       |     2 ||     2
 Cast: Magic Dart        |    30 |    17 |    54 ||   101
       Call Imp          |       |       |     9 ||     9
  Use: Scroll            |     2 |     2 |     4 ||     8
       Potion            |       |       |     5 ||     5
 Stab: Sleeping          |       |       |     2 ||     2
Armor: Robe              |    42 |    53 |    64 ||   159
Dodge: Dodged            |    38 |    78 |   100 ||   216
